[Event "GrandPrix_29.05"]
[Site "Chess.com"]
[Date "2020.05.29"]
[Round "1"]
[White "SavelijTartakover"]
[Black "KacperKacprzak"]
[Result "1-0"]
[WhiteElo "2506"]
[BlackElo "2080"]
[TimeControl "600+2"]
[EndTime "9:22:59 PDT"]
[Termination "SavelijTartakover won by resignation"]

1. d4 Nf6 2. c4 d6 3. Nc3 Nbd7 4. Nf3 g6 5. e4 e5 6. Be2 Bg7 7. O-O O-O 8. Qc2 Re8 9. Rd1 exd4 10. Nxd4 Nc5 11. f3 a5 12. Bg5 h6 13. Bh4 Bd7 14. Rac1 g5 15. Bf2 Nh5 16. Bf1 Be5 17. g3 c6 18. b3 Qf6 19. Bg2 Rad8 20. Rd2 Ng7 21.
Rcd1 h5 22. Nce2 h4 23. Be3 hxg3 24. hxg3 Nce6 25. g4 Nf4 26. Nxf4 Bxf4 27. Bxf4 Qxf4 28. Qc3 Qe5 29. Ne2 Qxc3 30. Nxc3 Be6 31. Rxd6 Rxd6 32.
Rxd6 Rb8 33. Bf1 Ne8 34. Rd2 Nc7 35. Kf2 b5 36. cxb5 cxb5 37. Nd5 Nxd5 38. exd5 Bd7 39.
Rc2 Rb7 40. Ke3 b4 41. Kd4 f6 42. Bc4 Kf8 43. Kc5 a4 44. Kd6 axb3 45. Bxb3 f5 46. Rc7 Rxc7 47. Kxc7 fxg4 48. fxg4 Bxg4 49. d6 Ke8 50.
Ba4+ Kf7 51. d7 Bxd7 52. Bxd7 Ke7 53. Kc6 Kd8 54. Bg4 Ke7 55. Kc5 Kd8 56. Kxb4 Kc7 57. Kb5 Kb7 58. a4 Ka8 59. Kb6 1-0

[Event "GrandPrix_29.05"]
[Site "Chess.com"]
[Date "2020.05.29"]
[Round "1"]
[White "Aliakbarov_Anar"]
[Black "Evgeny81"]
[Result "0-1"]
[WhiteElo "2122"]
[BlackElo "2548"]
[TimeControl "600+2"]
[EndTime "9:23:00 PDT"]
[Termination "Evgeny81 won by resignation"]

1. d4 d5 2. c4 dxc4 3. Nf3 Nf6 4. e3 b5 5. a4 b4 6. Bxc4 e6 7. O-O Bb7 8. Qe2 Be7 9. Nbd2 O-O 10. a5 c5 11. a6 Bd5 12. e4 Bxc4 13. Qxc4 Nbd7 14. e5 Nd5 15. Ne4 cxd4 16. Qxd4 Qb6 17. Qd3 h6 18.
Ng3 b3 19. Bxh6 gxh6 20. Qd2 Qb4 21. Qxh6 Qg4 22. h3 Qg7 23. Qd2 Bb4 24. Qd3 Nxe5 25.
Nxe5 Qxe5 26. Qxb3 Rab8 27. Qf3 Qf6 28. Qg4+ Qg6 29.
Qf3 Rfc8 30. Rad1 Rc4 31. Rc1 Rbc8 32. Rxc4 Rxc4 33. Rd1 Bc5 34. Rd2 Bb6 35. Kh2 Rf4 36. Qb3 Rxf2 37. Rxf2 Bxf2 38. Qb8+ Kh7 39. Ne2 Bb6 40. Qe5 Bc7 0-1

[Event "GrandPrix_29.05"]
[Site "Chess.com"]
[Date "2020.05.29"]
[Round "1"]
[White "SoltaniciR"]
[Black "SpasKozhuharov"]
[Result "0-1"]
[WhiteElo "1989"]
[BlackElo "2093"]
[TimeControl "600+2"]
[EndTime "9:23:00 PDT"]
[Termination "SpasKozhuharov won on time"]

1. e4 c6 2. c4 d5 3. exd5 cxd5 4. cxd5 Nf6 5. Qa4+ Nbd7 6. Nc3 g6 7. Nf3 Bg7 8.
Bc4 O-O 9. d3 a6 10. Qa3 b6 11.
O-O Bb7 12. Re1 b5 13. Bb3 Re8 14. Ng5 Rc8 15. d6 e6 16. Nge4 Nd5 17. Nxd5 exd5 18.
Bg5 Qb6 19. Be3 Bd4 20. Bxd4 Qxd4 21. Nd2 Rxe1+ 22. Rxe1 Nc5 23. Nf3 Qf6 24. Rc1 Qxd6 25. d4 Qf4 26. Rd1 Ne4 27. Qe7 Rc1 28. Qe8+ Kg7 29.
Qe5+ Qxe5 30. Nxe5 Rc7 31. Nd3 Nd6 32. Nc5 Nc4 33. Bxc4 dxc4 34. Nxb7 Rxb7 35. f3 Kf6 36. Kf2 Ke6 37. d5+ Kd6 38. Ke3 Re7+ 39. Kf2 Re5 40.
h4 Rxd5 0-1

[Event "GrandPrix_29.05"]
[Site "Chess.com"]
[Date "2020.05.29"]
[Round "1"]
[White "nurgyulsalimova"]
[Black "troisi"]
[Result "1/2-1/2"]
[WhiteElo "2231"]
[BlackElo "1489"]
[TimeControl "600+2"]
[EndTime "9:23:02 PDT"]
[Termination "Game drawn by repetition"]

1. d4 Nf6 2. Nf3 e6 3. g3 c5 4. Bg2 Nc6 5. O-O d5 6. c4 dxc4 7. dxc5 Qxd1 8. Rxd1 Bxc5 9. Nbd2 c3 10. bxc3 O-O 11.
Nb3 Be7 12. c4 Bd7 13. Bb2 Rad8 14. Nfd4 Nxd4 15. Nxd4 Rc8 16. Rac1 Bc5 17. Nb3 Ba4 18. Rd3 Bxb3 19. axb3 b6 20. Rcd1 Be7 21. e4 Rfd8 22.
e5 Ne8 23. Rd7 a5 24. Bb7 Rb8 25. Bc6 Kf8 26. Kg2 Rxd7 27. Rxd7 Bc5 28. f4 Rc8 29. Be4 Rc7 30. Rd8 Ke7 31. Rd3 h6 32. Kf3 Rd7 33. Rxd7+ Kxd7 34. g4 Nc7 35. h4 b5 36. cxb5 Nxb5 37.
Bd3 Nd4+ 38. Bxd4 Bxd4 39. Ke4 Bf2 40. h5 Kc6 41. f5 Kd7 42. Bb5+ Ke7 43. Bc4 exf5+ 44.
gxf5 Be1 45. e6 fxe6 46. fxe6 Kf6 47. Kd5 Bb4 48. Kc6 Kg5 49. Be2 Kf6 50. Kd7 Ba3 51. Bf3 Be7 52. Be2 Bb4 53. Bf3 Be7 54. Be2 Bb4 55. Bf3 Be7 1/2-1/2

[Event "GrandPrix_29.05"]
[Site "Chess.com"]
[Date "2020.05.29"]
[Round "1"]
[White "bedgasm"]
[Black "Benjoneliere44"]
[Result "1-0"]
[WhiteElo "2258"]
[BlackElo "1395"]
[TimeControl "600+2"]
[EndTime "9:23:03 PDT"]
[Termination "bedgasm won by resignation"]

1. Nf3 Nf6 2. g3 c5 3. Bg2 g6 4.
O-O Bg7 5. b3 O-O 6. Bb2 Nc6 7. c4 b6 8. Ne5 Bb7 9. Nxc6 Bxc6 10.
Bxc6 dxc6 11. d3 h5 12. h3 Qd6 13. f4 Qe6 14. f5 Qe3+ 15. Kg2 gxf5 16. Rxf5 Qe6 17.
Rg5 Rfd8 18. Nd2 Kf8 19. Ne4 Nxe4 20. Bxg7+ Ke8 21. Re5 Qg6 22. Rxe4 Qxg7 23. Qf1 Rd6 24. Rd1 Rad8 25. Qf5 Rf6 26. Qxh5 e6 27. Rg4 Qf8 28.
Rf1 Rxf1 29. Kxf1 Kd7 30. Rf4 f5 31. Qh7+ Qe7 32. Qxe7+ Kxe7 33. Rh4 Rg8 34. Rh7+ Kd6 35. Kf2 a5 36. a4 Rb8 37. h4 Ke5 38. e3 b5 39. Rc7 bxa4 40. bxa4 Kd6 41. Ra7 Rb3 42. Ke2 Rb2+ 43. Kf3 Rd2 44. h5 Rh2 45. g4 Rh3+ 46.
Kf4 Rh4 47. Kg5 Rxg4+ 48. Kf6 Rh4 49. Kg6 Rg4+ 50. Kf6 Rh4 51. Rh7 Rh3 52. h6 Rxe3 53. Rh8 Rh3 54. h7 f4 55. Rd8+ Kc7 56. h8=Q 1-0

[Event "GrandPrix_29.05"]
[Site "Chess.com"]
[Date "2020.05.29"]
[Round "1"]
[White "Winawer81"]
[Black "1stSecond"]
[Result "0-1"]
[WhiteElo "2135"]
[BlackElo "2580"]
[TimeControl "600+2"]
[EndTime "9:23:10 PDT"]
[Termination "1stSecond won by resignation"]

1. e4 c5 2. c3 Nf6 3. e5 Nd5 4. Nf3 d6 5. exd6 e6 6. Bc4 Bxd6 7. O-O O-O 8. d4 cxd4 9. Bxd5 exd5 10. Nxd4 Nc6 11. Be3 Ne5 12. Bf4 Re8 13. Nd2 a6 14.
Bg3 Nd3 15. Qc2 Nf4 16. Rfe1 Bg4 17. h3 Bh5 18. Qb3 Qd7 19. Nf1 Re4 20. Bxf4 Bxf4 21. Ng3 Bxg3 22. fxg3 Rae8 23. Rf1 Bg6 24. Rf3 h5 25.
Raf1 R8e5 26. Kh2 Qc7 27. Kg1 Rg5 28. h4 Rxg3 29. Qxd5 Rxh4 30. Rxg3 Qxg3 31. Nf3 Rg4 32. Qd2 Be4 33. Qf2 Qd6 34. Ne1 f5 35. Nf3 Qd5 36. Qe2 Kh7 37. Rf2 Qxa2 38. Nh2 Rg5 39. Nf3 Bxf3 40. Qxf3 Qb1+ 41. Kh2 Qe4 42. Qxe4 fxe4 43. Rf7 Rb5 44. b4 Re5 45. Kg1 b5 46. Ra7 Re6 47.
Kf2 e3+ 48. Ke2 Kh6 49. Rd7 g5 50. Rd8 h4 51. Rh8+ Kg6 52. Rf8 Kh5 0-1

[Event "GrandPrix_29.05"]
[Site "Chess.com"]
[Date "2020.05.29"]
[Round "1"]
[White "Logman74"]
[Black "crazyboy26"]
[Result "1-0"]
[WhiteElo "2221"]
[BlackElo "2145"]
[TimeControl "600+2"]
[EndTime "9:23:11 PDT"]
[Termination "Logman74 won on time"]

1. e4 c5 2. Nf3 Nc6 3. d4 cxd4 4. Nxd4 Qb6 5. Nb3 Nf6 6. Nc3 e6 7. Be3 Qc7 8. Bd3 a6 9. f4 d6 10. Qf3 b5 11. g4 h6 12. O-O-O Bb7 13. h4 h5 14. g5 Ng4 15. Kb1 g6 16. Nd4 Nxe3 17. Qxe3 Qb6 18. Nce2 Bg7 19. Nf5 Qxe3 20. Nxe3 O-O-O 21. Rhf1 Rhe8 22. c3 f5 23. exf5 exf5 24. Nd5 Ne7 25. Nf6 Bxf6 26. gxf6 Nd5 27. Rg1 Ne3 28. Rc1 Ng4 29. c4 b4 30. Nd4 Re3 31. Kc2 Rf8 32. Rce1 Rxf6 33. Kd2 Rxe1 34. Rxe1 Kd7 35. Bc2 Nf2 36. Ba4+ Kc7 37. Re7+ Kb6 38. Be8 Ne4+ 39. Ke3 d5 40. c5+ Nxc5 41. Rf7 Rd6 42. Rg7 Na4 43. b3 Nc3 44. Rxg6 1-0

[Event "GrandPrix_29.05"]
[Site "Chess.com"]
[Date "2020.05.29"]
[Round "1"]
[White "PlayChessSimple"]
[Black "Kildepiotr"]
[Result "0-1"]
[WhiteElo "2279"]
[BlackElo "2315"]
[TimeControl "600+2"]
[EndTime "9:23:13 PDT"]
[Termination "Kildepiotr won on time"]

1. e4 g6 2. d4 Bg7 3. Nf3 c6 4. h3 d6 5. Bc4 Nf6 6. Qe2 O-O 7. e5 Nd5 8. O-O Nb6 9. Bb3 d5 10. c3 f6 11. Nbd2 N8d7 12. Re1 fxe5 13. Nxe5 Nxe5 14. dxe5 Bf5 15. Nf3 c5 16. e6 c4 17. Bc2 Bxc2 18. Qxc2 Qd6 19. Be3 Qxe6 20. Bd4 Qd6 21. Qe2 Bxd4 22. Nxd4 Rf7 23. Ne6 Nd7 24.
Ng5 Rg7 25. Ne6 Rf7 26. Ng5 Rf5 27. Qxe7 Qxe7 28. Rxe7 Nc5 29. Ne6 Re5 30. Rg7+ Kh8 31. Nxc5 Kxg7 32. Kf1 b6 33. Na6 Kf6 34. Nc7 Rc8 35.
Nb5 a6 36. Nd4 b5 37. a4 b4 38. cxb4 Re4 39. Ne2 Rb8 40. b5 axb5 41. Nc3 Rd4 42. axb5 Rd2 43. Rb1 Re8 44. b6 Rb8 45. Ke1 Rd3 46.
Rd1 Rxd1+ 47. Kxd1 Ke5 48. Na4 d4 49. Nc5 Kd5 50. Nd7 Rb7 51. Nf6+ Ke5 52. Ng4+ Ke6 53.
Kc2 Rxb6 54. f4 Rb5 55. Nf2 Kf5 56. g3 Rb3 57. Nh1 Rf3 0-1

[Event "GrandPrix_29.05"]
[Site "Chess.com"]
[Date "2020.05.29"]
[Round "1"]
[White "Ave_Mariia"]
[Black "BairaKovanova"]
[Result "1/2-1/2"]
[WhiteElo "2214"]
[BlackElo "1528"]
[TimeControl "600+2"]
[EndTime "9:23:19 PDT"]
[Termination "Game drawn by agreement"]

1. c4 e5 2. Nc3 Nf6 3. g3 d5 4. cxd5 Nxd5 5. Bg2 Nb6 6. Nf3 Nc6 7. O-O Be7 8. a3 Be6 9. b4 O-O 10. Bb2 f6 11. d3 a5 12. b5 Nd4 13. Nxd4 exd4 14. Ne4 a4 15. Rc1 Bd5 16. Bh3 f5 17. Nc5 Ra5 18. Bxd4 Rxb5 19. Qd2 Bf6 20. Bxf6 Qxf6 21. e4 fxe4 22. dxe4 Bc6 23. Qe3 Re8 24. Rfd1 Rb2 25. Rd4 Nd5 26. Rxd5 Bxd5 27. Nd7 Qf7 28. Qd4 Be6 29.
Ne5 Qf6 30. Bxe6+ Rxe6 31. Qxb2 Qxe5 32. Qxe5 Rxe5 33. Rxc7 Rxe4 34. Rxb7 Re1+ 35. Kg2 Ra1 36. Ra7 Rxa3 37. h4 h6 38. Kf1 Ra2 39. Kg2 1/2-1/2

[Event "GrandPrix_29.05"]
[Site "Chess.com"]
[Date "2020.05.29"]
[Round "1"]
[White "metra93"]
[Black "Alex_Molchanov"]
[Result "1-0"]
[WhiteElo "2553"]
[BlackElo "2119"]
[TimeControl "600+2"]
[EndTime "9:23:27 PDT"]
[Termination "metra93 won by checkmate"]

1. e4 c6 2. d4 d5 3. exd5 cxd5 4.
c4 Nf6 5. Nc3 g6 6. Qb3 e6 7.
Bg5 dxc4 8. Bxc4 Be7 9. Nf3 O-O 10. Rd1 Nc6 11. Qc2 Nb4 12. Qe2 Nbd5 13. O-O Nxc3 14. bxc3 Nd5 15. Bxe7 Nxe7 16. Ne5 b6 17. Qf3 Rb8 18. Rd3 Bb7 19. Qg4 Bd5 20. Bxd5 Qxd5 21. c4 Qd6 22. Rfd1 Nf5 23. Qe4 h5 24. d5 exd5 25.
Rxd5 Qe6 26. Qf4 Rbe8 27. h3 Re7 28. Nd7 Rc8 29. g4 hxg4 30. hxg4 Nh4 31. Nf6+ Kg7 32.
g5 Nf5 33. R5d3 Rxc4 34. Rh3 Rxf4 35. Rh7+ Kf8 36. Rh8+ Kg7 37. Rg8# 1-0

[Event "GrandPrix_29.05"]
[Site "Chess.com"]
[Date "2020.05.29"]
[Round "1"]
[White "Denis0027"]
[Black "kirillshevchenko"]
[Result "1/2-1/2"]
[WhiteElo "2455"]
[BlackElo "2771"]
[TimeControl "600+2"]
[EndTime "9:23:32 PDT"]
[Termination "Game drawn by agreement"]

1. Nf3 Nf6 2. g3 g6 3. Bg2 Bg7 4. O-O O-O 5. d3 d5 6. Nbd2 c5 7. e4 Nc6 8. Qe2 e6 9. c3 b6 10.
Rd1 Ba6 11. exd5 exd5 12. Nf1 Qd7 13. Bg5 h6 14. Bxf6 Bxf6 15. h4 h5 16. Qd2 Rfe8 17. Qh6 Bg7 18. Qg5 Rad8 19. d4 Be2 20. Re1 cxd4 21. Nxd4 Nxd4 22. cxd4 Bxf1 23. Rxf1 Qb5 24. a4 Qxb2 25. Bxd5 Qxd4 26. Rad1 Qf6 27. Qxf6 Bxf6 28. Bc6 Re6 29. Rxd8+ Bxd8 30. Bb5 Be7 31. Rd1 Bc5 32. Kg2 Bd6 33. Rc1 Kg7 34. Rc6 Rf6 35. Bc4 Kf8 36.
Rc8+ Kg7 37. Rc6 Kf8 38. Rc8+ Ke7 39. Ra8 a5 40. Ra7+ Ke8 41. Bb5+ Kf8 42. Bc4 Be7 43. Ra8+ Kg7 44. Ra7 Bc5 45. f4 Kf8 46. Ra8+ Ke7 47. Ra7+ Ke8 48. Ra8+ Ke7 49. Ra7+ Kf8 50. Ra8+ Kg7 51.
Ra7 Rf5 52. Rb7 Bd4 53. Be6 Rf6 54. Bc4 Be3 55. Rd7 Bc1 56. Rc7 Ba3 57. Rb7 Bb4 58.
Bb3 Kf8 59. Rb8+ Kg7 60. Rb7 Bc5 61. Bc4 Ba3 62. Bb3 Kg8 63. Rb8+ Bf8 64. Rb7 Rf5 65.
Rxb6 Kg7 66. Rb7 Bb4 67. Kf3 Rf6 68. Ke4 Be1 69. Kf3 Bb4 1/2-1/2

[Event "GrandPrix_29.05"]
[Site "Chess.com"]
[Date "2020.05.29"]
[Round "1"]
[White "Matibar"]
[Black "0plaksin0"]
[Result "1/2-1/2"]
[WhiteElo "2407"]
[BlackElo "2197"]
[TimeControl "600+2"]
[EndTime "9:23:34 PDT"]
[Termination "Game drawn by repetition"]

1. e4 c5 2. Nf3 d6 3. Bb5+ Bd7 4. a4 a6 5. Bxd7+ Qxd7 6. O-O Nc6 7. b3 g6 8. Bb2 e5 9. Na3 Rb8 10. Nc4 b5 11.
axb5 axb5 12. Ne3 Nge7 13. c3 b4 14. c4 Bg7 15. Ra6 O-O 16. Qe2 Ra8 17. Rfa1 Qb7 18.
Rxa8 Rxa8 19. Qd1 Ra7 20. d3 Qa8 21. Rxa7 Qxa7 22. Qb1 f6 23. Kf1 Kf7 24. Ke2 h5 25. Kd1 Bh6 26. Nd5 Nxd5 27. exd5 Nd4 28. Bxd4 exd4 29.
Ke2 Qa3 30. Kf1 Qc1+ 31. Qxc1 Bxc1 32. h3 Bh6 33. g4 hxg4 34. hxg4 Bf4 35. Kg2 f5 36. gxf5 gxf5 37. Nh4 Kf6 38. Kf3 Bh6 39. Kg3 Bg5 40. Nf3 Bh6 41. Ng1 Bg5 42. Ne2 Bd2 43.
Kf3 Bh6 44. Kg2 Ke5 45. Kg3 Kf6 46. Ng1 Bg5 47. Nh3 Bh6 48. Ng1 1/2-1/2

[Event "GrandPrix_29.05"]
[Site "Chess.com"]
[Date "2020.05.29"]
[Round "1"]
[White "WoodlandMagic"]
[Black "grzechu96"]
[Result "0-1"]
[WhiteElo "2127"]
[BlackElo "2546"]
[TimeControl "600+2"]
[EndTime "9:23:35 PDT"]
[Termination "grzechu96 won on time"]

1. d4 d5 2. c4 c6 3. Nf3 Nf6 4. Qc2 dxc4 5. Qxc4 Bf5 6. g3 e6 7. Bg2 Be7 8. O-O O-O 9. e3 Nbd7 10. Qe2 Bg6 11.
Nc3 b5 12. Rd1 Rc8 13. a3 a5 14. b3 Qb6 15. Bb2 Rfd8 16. Rac1 Nd5 17. Nxd5 cxd5 18. Bf1 b4 19. a4 Qb7 20. Ne5 Nxe5 21. dxe5 h6 22. Bd4 Rc7 23. Qa6 Qxa6 24. Bxa6 Rc2 25. Kf1 Ra8 26. Bb7 Rb8 27. Ba6 Bd8 28. h3 Bb6 29.
Bxb6 Rxb6 30. Bb5 Rb7 31. Ke1 Rbc7 32. Rxc2 Rxc2 33. Bd3 Bxd3 34. Rxd3 Rb2 35. Kf1 Kf8 36. Kg2 Ke7 37. Kf3 f6 38. exf6+ gxf6 39. e4 dxe4+ 40.
Kxe4 Rxf2 0-1

[Event "GrandPrix_29.05"]
[Site "Chess.com"]
[Date "2020.05.29"]
[Round "1"]
[White "Murad_Ibrahimli"]
[Black "Carpe7Diem"]
[Result "1-0"]
[WhiteElo "2630"]
[BlackElo "2178"]
[TimeControl "600+2"]
[EndTime "9:23:38 PDT"]
[Termination "Murad_Ibrahimli won by resignation"]

1. d4 d5 2. c4 c6 3. Nf3 Nf6 4. e3 Bg4 5. Nc3 e6 6. h3 Bh5 7. g4 Bg6 8. Ne5 Nbd7 9. Nxg6 hxg6 10. cxd5 exd5 11. Bg2 Bd6 12. Qc2 Qc7 13. Bd2 Nb6 14.
b3 Nbd7 15. O-O-O O-O-O 16. Kb1 Kb8 17. Bc1 Rde8 18. Bb2 g5 19. Rc1 Qa5 20. Qf5 Be7 21.
Qxg5 Ne4 22. Qf4+ Bd6 23. Qxf7 Re7 24. Qg6 Rh6 25. Bxe4 Rxg6 26. Bxg6 Nf6 27. g5 Ne4 28. Nxe4 dxe4 29. h4 Qd2 30. Rc2 Qa5 31. Rg1 Re6 32.
Bf7 Re7 33. Bg6 Re6 34. Bh5 g6 35. Bg4 Re7 36. Bc1 Rh7 37. Rh1 Be7 38. Bd2 Qd5 39.
Rh3 Qf7 40. Be1 Qd5 41. f4 exf3 42. Rxf3 Rxh4 43. Bxh4 Bxg5 44. Bg3+ 1-0

[Event "GrandPrix_29.05"]
[Site "Chess.com"]
[Date "2020.05.29"]
[Round "1"]
[White "Hero_in_my_life"]
[Black "Zubrrr"]
[Result "0-1"]
[WhiteElo "2183"]
[BlackElo "2639"]
[TimeControl "600+2"]
[EndTime "9:23:42 PDT"]
[Termination "Zubrrr won by resignation"]

1. e4 c5 2. Nf3 d6 3. d4 cxd4 4. Qxd4 a6 5. c4 Nc6 6. Qd2 g6 7. b3 Bh6 8. Qc3 Qa5 9. Qxa5 Nxa5 10. Nc3 Bxc1 11. Rxc1 Nf6 12. e5 dxe5 13. Nxe5 Bd7 14. Be2 Nc6 15. f4 e6 16. Bf3 Rc8 17. Nxd7 Kxd7 18.
Kf2 Rhd8 19. Rhd1+ Kc7 20. g4 Kb6 21. g5 Ne8 22. Bxc6 Kxc6 23. Ne4 Kc7 24. c5 Kc6 25. h4 Rd5 26. Rxd5 exd5 27. Nc3 Nc7 28. b4 Re8 29. a4 d4 30. Ne2 Ne6 31. Rd1 Kd5 32. Kf3 Kc4 33.
Rb1 d3 34. Ng3 Nd4+ 35. Kf2 d2 36. Rd1 Kc3 37. Nf1 Re2+ 38. Kg3 Kc2 0-1

[Event "GrandPrix_29.05"]
[Site "Chess.com"]
[Date "2020.05.29"]
[Round "1"]
[White "Doukis"]
[Black "ploky25"]
[Result "0-1"]
[WhiteElo "2227"]
[BlackElo "2288"]
[TimeControl "600+2"]
[EndTime "9:23:42 PDT"]
[Termination "ploky25 won on time"]

1. d4 Nf6 2. c4 e6 3. Nc3 Bb4 4. a3 Bxc3+ 5. bxc3 b6 6. e3 Bb7 7. f3 O-O 8. Bd3 Nc6 9. e4 Ne8 10. Ne2 Na5 11. Ng3 c5 12. O-O Ba6 13. f4 cxd4 14.
cxd4 Bxc4 15. Bxc4 Nxc4 16. f5 f6 17. Qh5 b5 18.
Rf4 Qb6 19. Ne2 Rf7 20. Rh4 h6 21. Bxh6 gxh6 22. Qxh6 Rg7 23. Rd1 Rc8 24. Nf4 Ne5 25. Ng6 Nxg6 26. fxg6 Kf8 27. Qh8+ Rg8 28. Qh6+ Ke7 29.
Rf4 e5 30. Rf2 Rc4 31. g7 Rxd4 32. Rdf1 Rxg7 33. Kh1 Rf7 34. Rf5 Rxe4 35. Qh3 Qc6 36. Rh5 Rg7 37. Qf3 Reg4 0-1

[Event "GrandPrix_29.05"]
[Site "Chess.com"]
[Date "2020.05.29"]
[Round "1"]
[White "imdvb6307"]
[Black "Borsuk_Konstantin"]
[Result "0-1"]
[WhiteElo "1766"]
[BlackElo "1789"]
[TimeControl "600+2"]
[EndTime "9:23:51 PDT"]
[Termination "Borsuk_Konstantin won on time"]

1. e4 e6 2. d4 d5 3. exd5 exd5 4. Bd3 Nc6 5. c3 Bd6 6. Qf3 Nge7 7. Ne2 Be6 8. Bf4 Ng6 9. Bxd6 Qxd6 10. Qg3 O-O-O 11.
Qxd6 Rxd6 12. h4 Nge7 13. Ng3 h6 14. Nd2 b6 15. O-O-O Kb7 16. Rde1 Rdd8 17. Re3 Nc8 18. Nh5 g6 19. Nf4 Bd7 20. Nxd5 Be6 21. Nf4 Bd7 22. Ne4 N6e7 23. Nf6 Nf5 24. Bxf5 Bxf5 25.
g4 Bd7 26. Rhe1 g5 27. hxg5 hxg5 28. N4h5 Bxg4 29. Nxg4 Rxh5 30. Re5 Nd6 31. Re7 Rh4 32. f3 f5 33. Nf6 Rh3 34. Rf1 Kc6 35. Rg7 Rf8 36.
d5+ Kb7 37. Nd7 Rf7 38. Rxf7 Nxf7 39. Rf2 Kc8 40. Nf8 Ne5 0-1

[Event "GrandPrix_29.05"]
[Site "Chess.com"]
[Date "2020.05.29"]
[Round "1"]
[White "eljanov"]
[Black "ZoranRunic1"]
[Result "1-0"]
[WhiteElo "2718"]
[BlackElo "2145"]
[TimeControl "600+2"]
[EndTime "9:23:54 PDT"]
[Termination "eljanov won by resignation"]

1. e4 c5 2. Nf3 Nc6 3. Bb5 g6 4. Bxc6 dxc6 5. d3 Bg7 6. h3 e5 7. a3 a5 8. Be3 b6 9. Nbd2 Qc7 10. b4 cxb4 11. axb4 a4 12. c4 b5 13. Qc2 Qd7 14. O-O Ne7 15. cxb5 cxb5 16. Qc5 f6 17. d4 exd4 18.
Nxd4 Ba6 19. Rfc1 O-O 20. Qc7 Rfd8 21. N2f3 Rac8 22. Qb6 Rxc1+ 23. Rxc1 Qd6 24. Qa5 Rb8 25. Rc7 Bf8 26. Ra7 Bb7 27. Nxb5 Qd1+ 28. Kh2 Bxe4 29. Nc3 Qd6+ 30. Kh1 Bxf3 31. gxf3 Qxb4 32. Qxb4 Rxb4 33. Rxa4 Rb3 34. Ne4 Kf7 35. Ra7 Rb1+ 36. Kg2 h6 37. Bd4 f5 38. Nc5 Rd1 39. Be3 Rd4 40. Bxd4 1-0

[Event "GrandPrix_29.05"]
[Site "Chess.com"]
[Date "2020.05.29"]
[Round "1"]
[White "Gabix_94"]
[Black "2346PL"]
[Result "1/2-1/2"]
[WhiteElo "2449"]
[BlackElo "2105"]
[TimeControl "600+2"]
[EndTime "9:23:55 PDT"]
[Termination "Game drawn - insufficient material"]

1. d4 f5 2. Nf3 Nf6 3. g3 g6 4.
Bg2 Bg7 5. O-O O-O 6. Nbd2 d6 7. Re1 d5 8. c3 c6 9. Ne5 Nbd7 10. Nd3 e5 11. dxe5 Ng4 12. e6 Ndf6 13. h3 Nh6 14.
Nf3 Bxe6 15. Nd4 Qe7 16. Nxe6 Qxe6 17. a4 Nf7 18. a5 Ne4 19. Kh2 Rfe8 20. f3 Nf6 21. Qb3 Nd6 22. Bf4 Nh5 23. Rad1 Nxf4 24. Nxf4 Qe3 25. Nxd5 cxd5 26. Qxd5+ Nf7 27. Qxb7 Rab8 28.
Qc6 f4 29. gxf4 Qxf4+ 30. Kg1 Qe3+ 31. Kh1 Rxb2 32. Rd3 Qe6 33. Qxe6 Rxe6 34. e4 Be5 35. h4 Rd6 36. Rxd6 Nxd6 37. Rd1 Kf7 38. Bf1 Ke7 39.
Rd5 Bxc3 40. Rc5 Bd4 41. Rc7+ Kf6 42. Rd7 Bc5 43. Rxh7 Rf2 44. Bg2 Ra2 45. h5 Ra1+ 46. Kh2 gxh5 47. Rxh5 Rxa5 48. Kh3 Nf7 49. f4 Bb6 50.
e5+ Kg6 51. Rh4 Kf5 52. Rh7 Ra3+ 53. Kh4 Nxe5 54. fxe5 Kxe5 55. Rh5+ Kd4 56. Rd5+ Kc4 57. Rd1 Bd4 58. Bf1+ Kc5 59. Kg4 a5 60. Kf5 Re3 61.
Rc1+ Rc3 62. Rxc3+ Bxc3 63. Ke4 Kb4 64. Kd3 a4 65. Bh3 a3 66. Be6 a2 67. Bxa2 1/2-1/2

[Event "GrandPrix_29.05"]
[Site "Chess.com"]
[Date "2020.05.29"]
[Round "1"]
[White "KJakubowski"]
[Black "Saxar85"]
[Result "1/2-1/2"]
[WhiteElo "2394"]
[BlackElo "2650"]
[TimeControl "600+2"]
[EndTime "9:23:59 PDT"]
[Termination "Game drawn by repetition"]

1. d4 d6 2. e4 g6 3. Nc3 Bg7 4. Be3 a6 5. Qd2 b5 6. O-O-O Nd7 7. f4 Bb7 8. e5 Nh6 9. Nf3 Nf5 10. Bd3 e6 11.
Be4 Bxe4 12. Nxe4 d5 13. Nc5 Bf8 14. Bf2 h5 15. g3 Nxc5 16. dxc5 Qd7 17. h3 h4 18. g4 Ng3 19. Rhe1 c6 20. Ng5 Be7 21. Bxg3 Bxg5 22. fxg5 hxg3 23. Qg2 Qe7 24. Qxg3 Qxg5+ 25. Kb1 Qh4 26. Qf3 Qxh3 27. Qf6 Rh7 28. Rg1 Kd7 29. a3 Qh4 30. Qf3 Qe7 31. Qc3 Rah8 32. Rdf1 Kc8 33.
Rf3 Rh1 34. Rxh1 Rxh1+ 35. Ka2 Rh7 36. Rf6 Kb7 37. a4 Qc7 38. Rf4 Kb8 39. Qb3 Kc8 40. Qc3 Kb8 41. Rf6 Kc8 42. Rf4 Kb7 43. Rf6 Kb8 44. Rf4 Kc8 45. Rf6 Kb8 46. Rf4 Kc8 47. Rf6 Kb8 1/2-1/2

[Event "GrandPrix_29.05"]
[Site "Chess.com"]
[Date "2020.05.29"]
[Round "1"]
[White "woodhy"]
[Black "caspiwins"]
[Result "0-1"]
[WhiteElo "1861"]
[BlackElo "2435"]
[TimeControl "600+2"]
[EndTime "9:23:59 PDT"]
[Termination "caspiwins won by checkmate"]

1. e4 e5 2. Nf3 Nc6 3. Bb5 g6 4. O-O Bg7 5. c3 a6 6. Ba4 d6 7. d4 b5 8. Bb3 exd4 9. Bd5 Nge7 10. Nxd4 Bd7 11. Bg5 f6 12. Bh4 Nxd5 13. exd5 Ne7 14.
Re1 O-O 15. Ne6 Bxe6 16. Rxe6 Qd7 17. Qb3 Nf5 18. Bg3 Rfe8 19. Nd2 c5 20. Rae1 Kf7 21. Ne4 Rad8 22. Bxd6 c4 23. Qd1 Rxe6 24. dxe6+ Qxe6 25. Qe2 Re8 26. g4 Qxe4 27. Qxe4 Rxe4 28. Rxe4 Nxd6 29.
Rd4 Ke6 30. f3 f5 31. Rd1 b4 32. cxb4 Bxb2 33. a4 c3 34. Re1+ Kd5 35. Re2 Kc4 36. b5 axb5 37. a5 b4 38. a6 Nb5 39.
Kf2 b3 40. gxf5 gxf5 41. Re8 c2 42. Rc8+ Kb4 43. Rb8 Bd4+ 44. Kg3 Be5+ 45. f4 Bxb8 46. h4 c1=Q 47. h5 Qxf4+ 48. Kg2 Qg3+ 49. Kf1 Qf3+ 50. Kg1 b2 51. a7 b1=R# 0-1

[Event "GrandPrix_29.05"]
[Site "Chess.com"]
[Date "2020.05.29"]
[Round "1"]
[White "MilanovicDan"]
[Black "SmirnovTimofey2000"]
[Result "1-0"]
[WhiteElo "2707"]
[BlackElo "2188"]
[TimeControl "600+2"]
[EndTime "9:24:01 PDT"]
[Termination "MilanovicDan won by resignation"]

1. d4 d5 2. c4 c6 3. Nc3 Nf6 4.
e3 Bf5 5. Nf3 e6 6. Qb3 Qc7 7.
Bd2 Nbd7 8. Rc1 Qb6 9. Be2 h6 10. O-O Qxb3 11. axb3 Bb4 12. Ne1 O-O 13. Nd3 Bd6 14.
c5 Bc7 15. b4 a6 16. f4 Ne4 17. Be1 f6 18. g4 Nxc3 19. bxc3 Be4 20. Bg3 Bxd3 21.
Bxd3 f5 22. gxf5 exf5 23. Bh4 Rae8 24. Kf2 g6 25. c4 Nf6 26. Bxf6 Rxf6 27. b5 axb5 28.
cxd5 cxd5 29. Bxb5 Re7 30. Rg1 Rfe6 31. Rc3 Ba5 32.
Rd3 Kf7 33. Ba4 Kf6 34. h4 Bd8 35. Kf3 b6 36. Bb3 Rd7 37. c6 Rdd6 38. Rd2 Re7 39. Rc2 Rc7 40. Ba4 Ra7 41. Bb5 Kf7 42. Rgc1 Bc7 43.
Rg1 Rd8 44. h5 Rg8 45. Bd3 Kf6 46. hxg6 Rxg6 47. Rxg6+ Kxg6 48. Rg2+ Kf6 49. Rh2 Kg6 50. Rg2+ Kf6 51. Rg8 Bd6 52. Rh8 Kg6 53. Rd8 Bb4 54.
Rxd5 Rc7 55. Bxf5+ Kf6 56. Bd7 1-0

[Event "GrandPrix_29.05"]
[Site "Chess.com"]
[Date "2020.05.29"]
[Round "1"]
[White "DarkAlekhine"]
[Black "ftorodent"]
[Result "1-0"]
[WhiteElo "2466"]
[BlackElo "1934"]
[TimeControl "600+2"]
[EndTime "9:24:01 PDT"]
[Termination "DarkAlekhine won by resignation"]

1. Nf3 d5 2. g3 c6 3. Bg2 Bg4 4. O-O Nd7 5. d3 Ngf6 6. Nbd2 e5 7.
h3 Bh5 8. e4 Bd6 9. exd5 cxd5 10. c4 O-O 11. cxd5 Nxd5 12. Nc4 Bc7 13. Re1 Re8 14.
Qb3 N5b6 15. Bg5 Qb8 16. Be3 Nxc4 17. Qxc4 Bb6 18. Ng5 Bxe3 19. Rxe3 Qd6 20. Bxb7 Rab8 21. Be4 Nf6 22. Rc1 h6 23. Nf3 Nxe4 24. Qxe4 Rb4 25. Qc6 Qxc6 26. Rxc6 Rxb2 27. g4 Bg6 28. Nxe5 Rxa2 29.
Nxg6 Rxe3 30. Rc8+ Kh7 31. Nf8+ Kg8 32. fxe3 a5 33.
Nd7+ Kh7 34. Ra8 a4 35. Nb6 a3 36. Nc4 Ra1+ 37. Kg2 a2 38. Nd6 Kg6 39. Ne4 h5 40. gxh5+ Kxh5 41. Nc3 Re1 42. Rxa2 Rxe3 43. Rd2 Kh4 44.
Ne2 f5 45. d4 g5 46. d5 f4 47.
Ng1 g4 48. hxg4 Kxg4 49. d6 Re8 50. Nf3 Kf5 51. d7 Rd8 52. Rd6 Ke4 53. Ng5+ Kf5 54. Nf7 1-0